 Dungeon Crawl Stone Soup version 0.28-a0-823-gb444dcf96d (webtiles) character file.

Game seed: 15565454257129199382

812 siradein the Poker (level 7, 0/56 HPs)
             Began as a Merfolk Gladiator on Nov 9, 2021.
             Slain by a centaur (6 damage)
             ... on level 5 of the Dungeon.
             The game lasted 00:22:14 (7891 turns).

siradein the Poker (Merfolk Gladiator)              Turns: 7891, Time: 00:22:14

Health: 0/56       AC:  6    Str: 15    XL:     7   Next: 93%
Magic:  7/7        EV: 15    Int:  7    God:
Gold:   349        SH:  0    Dex: 17    Spells: 6/6 levels left

rFire   . . .      SeeInvis .   a - +0 trident
rCold   + . .      Faith    .   (no shield)
rNeg    . . .      Spirit   .   l - +2 leather armour {rPois}
rPois   +          Reflect  .   c - +0 helmet
rElec   .          Harm     .   j - scarf {repulsion}
rCorr   .          Rampage  .   (no gloves)
Will    .....                   (no boots)
Stlth   +.........              (no amulet)
HPRegen 0.18/turn               m - ring of protection from cold
MPRegen 0.10/turn               (no ring)

@: about to teleport, repel missiles
A: (nimble swimmer 2), mertail
a: no special abilities


You were on level 5 of the Dungeon.
You visited 1 branch of the dungeon, and saw 5 of its levels.
You also visited: Sewer.

You collected 349 gold pieces.

Inventory:

Hand Weapons
 a - a +0 trident (weapon)
Missiles
 d - 3 throwing nets
 f - 5 poisoned darts (quivered)
Armour
 c - a +0 helmet (worn)
 j - a scarf of repulsion (worn)
 k - the +1 robe "Cayp" {Dex+3 Stlth+}
   (You found it on level 5 of the Dungeon)

   Dex:       It affects your dexterity (+3).
   Stlth:     It makes you more stealthy.
 l - a +2 leather armour of poison resistance (worn)
Jewellery
 m - a ring of protection from cold (left hand)
Wands
 h - a wand of acid (8)
 x - a wand of iceblast (5)
Scrolls
 g - 4 scrolls of fear {unknown}
 i - a scroll of magic mapping
 o - 2 scrolls of blinking
 r - 2 scrolls of teleportation
 s - a scroll of acquirement {unknown}
 t - a scroll of brand weapon {unknown}
 u - a scroll of summoning {unknown}
 y - a scroll of identify
Potions
 e - 3 potions of curing
 n - a potion of mutation
 p - a potion of haste {unknown}
 q - 6 potions of flight
 v - 2 potions of heal wounds {unknown}
 w - a potion of invisibility {unknown}


   Skills:
 + Level 5.0 Fighting
 + Level 7.6 Polearms
 + Level 4.6 Throwing
 + Level 6.9 Dodging


You had 6 spell levels left.
You didn't know any spells.
Your spell library contained the following spells:

 Spells                   Type           Power      Damage    Failure   Level
 Apportation              Tloc           0%         N/A       50%         1
 Slow                     Hex            0%         N/A       50%         1
 Confusing Touch          Hex            0%         N/A       86%         3
 Alistair's Intoxication  Tmut/Pois      0%         N/A       100%        5
 Yara's Violent Unravell  Hex/Tmut       0%         3d3       100%        5
 Invisibility             Hex            0%         N/A       100%        6


Dungeon Overview and Level Annotations

Branches:
Dungeon (5/15)              Sewer (visited)
 Temple: D:4-7

Altars:
Hepliaklqana
Nemelex Xobeh
Wu Jian

Shops:
D:4 ((


Innate Abilities, Weirdness & Mutations

((You are quick and stealthy near water. (Stealth+, EV+, Speed+++)))
Your lower body shifts to a powerful aquatic tail in water.


Message History

The centaur is moderately wounded.
The centaur hits you.
* * * LOW HITPOINT WARNING * * *
The centaur kicks you but does no damage.
The centaur barely misses you. The centaur misses you.
You hit the centaur but do no damage.
The centaur is moderately wounded.
The centaur closely misses you. x2
The centaur wields a +0 shortbow.
The centaur shoots an arrow.
The arrow misses you.
The centaur unwields a +0 shortbow.
The centaur hits you but does no damage.
The centaur completely misses you.
The centaur hits you but does no damage.
The centaur kicks you.
* * * LOW HITPOINT WARNING * * *
You hit the centaur.
The centaur is heavily wounded.
The centaur closely misses you. The centaur barely misses you.
You completely miss the centaur.
The centaur is heavily wounded.
The centaur hits you.
* * * LOW HITPOINT WARNING * * *
The centaur closely misses you.
As you read the scroll of teleportation, it crumbles to dust.
You feel strangely unstable. The centaur closely misses you.
The centaur kicks you but does no damage.
The centaur completely misses you. The centaur kicks you.
* * * LOW HITPOINT WARNING * * *
You barely miss the centaur.
The centaur is heavily wounded.
The centaur misses you. The centaur completely misses you.
You closely miss the centaur.
The centaur is heavily wounded.
The centaur completely misses you.
The centaur kicks you but does no damage.
You hit the centaur.
The centaur is severely wounded.
The centaur completely misses you. x2; The centaur hits you.
You die...

.........#
#...........'....'..#
P♣.......#
#.......#####..[.#...
.♣♣P.....# #.......#
#######.. .?PP.....#
######### ###
.......Z.#
....###.############
..## #............#
...###############.#
................@cZ#
#.##################
......... .
#.################ #
#.# #.........#<# #.#
#.#######.#.# #.# #.#
#.#.# #.# #.# #...#
#.####.# #####


You could see a centaur and a wyvern zombie.

Vanquished Creatures
  2 black bears
  2 scorpions
  A water moccasin skeleton (D:4)
  A hound (D:5)
  2 orc priests (D:3)
  Jessica (D:3)
  Natasha (thrice) (D:2)
  A hound skeleton (D:5)
  Robin (D:2)
  7 adders
  A river rat (D:5)
  10 worms
  5 dart slugs
  4 orcs
  8 endoplasms
  5 giant cockroaches
  14 goblins
  7 hobgoblins
  12 jackals
  13 kobolds
  5 quokkas
  6 ball pythons
  15 bats
  8 frilled lizards
  10 rats
144 creatures vanquished.

Notes
Turn   | Place    | Note
-------+----------+-------------------------------------------
     0 | D:1      | siradein the Merfolk Gladiator began the quest for the Orb.
     0 | D:1      | Reached XP level 1. HP: 16/16 MP: 1/1
   299 | D:1      | Reached XP level 2. HP: 23/23 MP: 2/2
  1124 | D:1      | Found a faded altar of an unknown god.
  1511 | D:2      | Reached XP level 3. HP: 23/28 MP: 3/3
  1693 | D:2      | Reached skill level 5 in Polearms
  1943 | D:2      | Noticed Natasha
  1958 | D:2      | Killed Natasha
  1959 | D:2      | Reached XP level 4. HP: 25/35 MP: 4/4
  2031 | D:2      | Noticed Natasha
  2040 | D:2      | Killed Natasha
  2291 | D:2      | Found a sparkling altar of Nemelex Xobeh.
  2595 | D:2      | Noticed Natasha
  2618 | D:2      | Killed Natasha
  2619 | D:2      | Reached skill level 5 in Dodging
  2619 | D:2      | Reached XP level 5. HP: 31/41 MP: 5/5
  2685 | D:2      | Noticed Robin
  2711 | D:2      | Killed Robin
  3807 | D:3      | Reached skill level 6 in Polearms
  3807 | D:3      | Reached XP level 6. HP: 36/48 MP: 6/6
  4231 | D:3      | Found a hazy altar of Hepliaklqana.
  4318 | D:3      | Noticed Jessica
  4331 | D:3      | Killed Jessica
  4855 | D:4      | Noticed a black bear
  4881 | D:4      | Found a sparkling altar of Nemelex Xobeh.
  5004 | D:3      | Killed a black bear
  5293 | D:4      | Found Mouklyj's Weapon Shop.
  5386 | D:4      | Found Giabb's Antique Weapon Shoppe.
  5409 | D:4      | Reached XP level 7. HP: 49/55 MP: 7/7
  5584 | D:4      | Found an ornate altar of the Wu Jian Council.
  5871 | D:4      | Reached skill level 7 in Polearms
  6009 | D:5      | Entered Level 5 of the Dungeon
  6296 | D:5      | Found a glowing drain.
  6368 | D:5      | Identified the +1 robe "Cayp" {Dex+3 Stlth+}
  6449 | Sewer    | Entered a sewer
  7744 | D:5      | Reached skill level 5 in Fighting
  7891 | D:5      | Slain by a centaur

Illustrated notes

Levels and vault maps discovered:
D:1:      sevenhm_arrival_forest_fort_large_2, layout_basic,
          shapermc_ecumenical_altar_mp_highgroup
D:2:      layout_basic, basic_altar, minmay_heptomino_d4, uniq_natasha,
          uniq_robin
D:3:      layout_basic, nicolae_hepliaklqana_hazy_memory,
          kennysheep_jessica_study
D:4:      layout_gridville, nemelex_xobeh_ov_fountains_minmay,
          amcnicky_altar_gilded, serial_shops, nicolae_diamond_shop,
          nicolae_stop_n_shop_2
D:5:      layout_basic, gup_sewer_entry_spiral, serial_park_tiny_2

Skill      XL: |  1  2  3  4  5  6  7 |
---------------+----------------------+-----
Polearms       | 5 6 7 |  7.6
Fighting       | 3 4 5 |  5.0
Throwing       | 3 4 |  4.6
Dodging        | 5 6 |  6.9

Action                   |  1- 3 |  4- 6 |  7- 9 || total
-------------------------+-------+-------+-------++-------
Melee: Trident           |    99 |   291 |   185 ||   575
       Tailslap          |       |       |    13 ||    13
Throw: Dart              |       |     4 |       ||     4
  Use: Scroll            |       |     5 |     2 ||     7
       Potion            |       |       |     1 ||     1
 Stab: Sleeping          |     3 |     4 |     4 ||    11
Armor: Leather armour    |    26 |   120 |    42 ||   188
Dodge: Dodged            |    60 |   279 |   181 ||   520

Table legend: (Time is in decaauts)
 A = Elapsed time spent in this place.
 B = Non-inter-level travel time spent in this place.
 C = Inter-level travel time spent in this place.
 D = Time resting spent in this place.
 E = Time spent auto-exploring this place.
 F = Levels seen in this place.
 G = Mean time per level.
                   A        B        C        D        E       F      G
               +--------+--------+--------+--------+--------+-----+--------+
         Total |   7747 |   7511 |    236 |    935 |   4905 |   6 | 1291.2 |
       Dungeon |   6731 |   6495 |    236 |    335 |   4647 |   5 | 1346.2 |
         Sewer |   1015 |   1015 |      0 |    600 |    258 |   1 | 1015.0 |
               +--------+--------+--------+--------+--------+-----+--------+

Top non-repeatable levels by time:
     D:2: 2062 daAuts
     D:1: 1492 daAuts
     D:3: 1457 daAuts
     D:4: 1020 daAuts
   Sewer: 1015 daAuts
     D:5: 699 daAuts
